 Dungeon Crawl Stone Soup version 0.31-a0-1098-g6898e6545c (webtiles) character file.

Game seed: 10386002798602597373

67 gruber the Shooter (level 3, -3/30 HPs)
             Began as a Minotaur Hunter on Nov 30, 2023.
             Slain by an orc
             ... wielding a +0 flail
              (7 damage)
             ... on level 3 of the Dungeon.
             The game lasted 00:01:04 (1955 turns).

gruber the Shooter (Minotaur Hunter)                Turns: 1955, Time: 00:01:05

Health: -3/30      AC:  4    Str: 15    XL:     3   Next: 98%
Magic:  2/2        EV: 12    Int:  6    God:
Gold:   119        SH:  0    Dex: 15    Spells: 2/2 levels left

rFire   . . .        a - +0 shortbow
rCold   . . .        (shield currently unavailable)
rNeg    . . .        c - +0 leather armour
rPois   .            (helmet restricted)
rElec   .            (no cloak)
rCorr   +            e - +0 pair of gloves
SInv    .            (no boots)
Will    .....        (no amulet)
Stlth   +            j - ring of resist corrosion
HPRegen 0.25/turn    (no ring)
MPRegen 0.08/turn

%: no passive effects
@: no status effects
A: horns 2, retaliatory headbutt
a: no special abilities


You were on level 3 of the Dungeon.
You visited 1 branch of the dungeon, and saw 3 of its levels.

You collected 119 gold pieces.

Inventory:

Hand Weapons
 a - a +0 shortbow (weapon)
 i - the +12 flail "Mehatay" {heavy, Stlth+}
   (You took it off a goblin on level 2 of the Dungeon)

   Stlth+:    It makes you more stealthy.
Armour
 c - a +0 leather armour (worn)
 e - a +0 pair of gloves (worn)
Jewellery
 j - a ring of resist corrosion (left hand)
Scrolls
 b - a scroll of butterflies
 d - a scroll of enchant armour {unknown}
 f - a scroll of fog {unknown}
 g - a scroll of noise {unknown}
 h - a scroll of fear {unknown}


   Skills:
 - Level 2.4 Fighting
 + Level 6.1 Ranged Weapons
 - Level 2.1 Dodging
 - Level 0.7 Stealth


You had 2 spell levels left.
You didn't know any spells.
Your spell library contained the following spells:

 Spells                   Type           Power      Damage    Failure   Level
 Sting                    Tmut/Pois      0%         1d3       52%         1
 Poisonous Vapours        Pois/Air       0%         N/A       67%         2
 Olgreb's Toxic Radiance  Pois           0%         N/A       99%         4


Dungeon Overview and Level Annotations

Branches:
Dungeon (3/15)

Altars:

Shops:
D:1 ?   D:2 *

Annotations:
D:2 2 transporters


Innate Abilities, Weirdness & Mutations

You have a pair of horns on your head.
You reflexively headbutt those who attack you in melee.


Message History

No target in view!
An orc is nearby!
You shoot an arrow. The arrow hits the orc.
You kill the orc!
You shoot an arrow. The arrow hits the orc.
The orc is lightly wounded.
You shoot an arrow. The arrow closely misses the orc.
The orc hits you with a +0 dagger.
You shoot an arrow. The arrow barely misses the orc.
The orc hits you but does no damage.
You shoot an arrow. The arrow hits the orc!
You kill the orc!
You shoot an arrow. The arrow barely misses the orc.
The orc hits you but does no damage.
You shoot an arrow.
The arrow hits the orc but does no damage.
The orc hits you with a +0 flail.
You shoot an arrow. The arrow closely misses the orc.
The orc hits you with a +0 flail. The orc barely misses you.
You are too injured to fight recklessly!
You are too injured to fight recklessly!
You are too injured to fight recklessly!
Fire: a) +0 shortbow
Press: ? - help, Q - select action Shift-Dir - straight line, f/p - orc
Aim: an orc, wielding a +0 flail and wearing a +0 chain mail (70% to hit)
You shoot an arrow. The arrow hits the orc.
The orc is lightly wounded.
The orc hits you with a +0 flail.
Unknown command.
You shoot an arrow. The arrow hits the orc.
The orc is moderately wounded.
The orc closely misses you.
You shoot an arrow. The arrow closely misses the orc.
The orc hits you with a +0 flail!
* * * LOW HITPOINT WARNING * * *
You shoot an arrow.
The arrow hits the orc but does no damage.
The orc is moderately wounded.
The orc hits you with a +0 flail!
You die...

.# # .# . # .#.#
.#.########.#.#
...>...........#
..#....#.##...###
#.#..)...†...<..#
#.####.#<#...#..#
#o#.o@...#.#......
#o#)##<..#.# .....
#####.#.####.#(# .###
#.....o......#.# ..
#.....#......#.#######
.......####...#.....#
....... #...†.....#
....... #...#.....#
....... #...#######


You could see an orc.

Vanquished Creatures
  Robin (D:2)
  An adder (D:2)
  2 dart slugs (D:2)
  4 orcs (D:3)
  2 ball pythons (D:1)
  A bat (D:2)
  4 endoplasms
  2 giant cockroaches
  3 hobgoblins
  A quokka (D:3)
  4 frilled lizards
  7 goblins (D:2)
  4 kobolds
  2 rats
38 creatures vanquished.

Notes
Turn   | Place    | Note
-------+----------+-------------------------------------------
     0 | D:1      | gruber the Minotaur Hunter began the quest for the Orb.
     0 | D:1      | Reached XP level 1. HP: 18/18 MP: 0/0
   297 | D:1      | Found Oruac's Magic Scroll Shoppe.
   783 | D:1      | Reached XP level 2. HP: 25/25 MP: 1/1
   948 | D:2      | Reached skill level 5 in Ranged Weapons
  1159 | D:2      | Noticed Robin
  1162 | D:2      | Reached XP level 3. HP: 30/30 MP: 2/2
  1176 | D:2      | Killed Robin
  1325 | D:2      | Identified the +12 flail "Mehatay" {heavy, Stlth+}
  1343 | D:2      | Found a transporter.
  1345 | D:2      | Found Ibyohie's General Store.
  1415 | D:2      | Found a transporter.
  1636 | D:2      | Reached skill level 6 in Ranged Weapons
  1955 | D:3      | Slain by an orc

Illustrated notes

Levels and vault maps discovered:
D:1:      amcnicky_arrival_choice, layout_basic, serial_curves, eino_curves_02,
          eino_curves_04, serial_shops, shop
D:2:      layout_basic, serial_shops, nicolae_shop_drivethru,
          minmay_misc_feat_x, hangedman_decor_points, nrook_campfire, uniq_robin
D:3:      layout_basic, gammafunk_temple_overflow_wave, uniq_ijyb

Skill      XL: |  1  2  3 |
---------------+----------+-----
Ranged Weapons | 5 6 |  6.1
Fighting       | |  2.4
Dodging        | |  2.1
Stealth        | |  0.7

Action                     || total
---------------------------++-------
   Fire: Shortbow          ||   120
 Armour: Leather armour    ||    22
  Dodge: Dodged            ||    30

Table legend: (Time is in decaauts)
 A = Elapsed time spent in this place.
 B = Non-inter-level travel time spent in this place.
 C = Inter-level travel time spent in this place.
 D = Time resting spent in this place.
 E = Time spent auto-exploring this place.
 F = Levels seen in this place.
 G = Mean time per level.
                   A        B        C        D        E       F      G
               +--------+--------+--------+--------+--------+-----+--------+
         Total |   1972 |   1852 |    120 |      0 |   1636 |   3 |  657.3 |
       Dungeon |   1972 |   1852 |    120 |      0 |   1636 |   3 |  657.3 |
               +--------+--------+--------+--------+--------+-----+--------+

Top non-repeatable levels by time:
     D:2: 960 daAuts
     D:1: 948 daAuts
     D:3: 63 daAuts
